Map: Port Aleksander LE

Players

Serral

  • Race: Zerg Zerg
  • Spawn Location: 11:00

Ragnarok (SHIN) - Winner!

  • Race: Zerg Zerg
  • Spawn Location: 5:00

Event: IEM Season 13: Katowice (2019)

VOD

Have the link to the VOD?

Description

Time

  • Played on: March 1, 2019, 6:54 a.m.
  • Length: 5:44

All games in this series

Show
View Real Time Build Order
Export as new Build Order

Serral Zerg 

Build Orders: Hatch First 

Get SALT Encoding   

  12  0:00  Drone  
  13  0:12  Overlord  
  13  0:18  Drone  
  14  0:30  Drone x2  
  16  0:49  Hatchery  
  15  0:53  Drone  
  15  0:56  Drone  
  17  1:00  Drone  
  18  1:10  Extractor  
  17  1:15  Spawning Pool  
  16  1:18  Drone  
  16  1:22  Drone  
  18  1:30  Drone  
  19  1:39  Drone  
  20  1:49  Drone  
  21  1:59  Overlord  
  21  2:02  Queen x2, Zergling x2  
  26  2:11  Metabolic Boost  
  26  2:13  Drone  
  26  2:15  Drone  
  28  2:24  Drone x2  
  30  2:37  Hatchery  
  30  2:41  Drone  
  30  2:43  Drone  
  31  2:52  Drone x2  
  31  2:54  Evolution Chamber  
  32  2:59  Overlord  
  32  3:01  Drone  
  32  3:04  Drone  
  34  3:06  Drone  
  34  3:10  Drone  
  35  3:18  Drone  
  35  3:19  Drone x2  
  38  3:21  Zerg Ground Armor Level 1  
  38  3:22  Drone  
  38  3:24  Overlord  
  39  3:27  Zergling x2  
  39  3:28  Zergling x2  
  39  3:32  Zergling x2  
  43  3:41  Zergling x2  
  43  3:42  Queen  
  43  3:43  Zergling x2  
  43  3:46  Overlord  
  43  3:47  Zergling x4  
  48  3:51  Zergling x4  
  48  3:55  Zergling x6  
  53  4:01  Drone, Roach Warren  
  53  4:03  Zergling x2  
  53  4:08  Zergling x2  
  53  4:09  Zergling x2  
  56  4:12  Zergling x2  
  57  4:17  Zergling x10  
  57  4:22  Overlord  
  62  4:31  Overlord  
  62  4:37  Zergling x2  
  62  4:38  Zergling x6  
  66  4:41  Overlord  
  66  4:43  Overlord  
  66  4:46  Overlord  
  66  4:50  Roach  
  66  4:51  Roach x3  
  73  4:59  Overlord x2  
  73  5:05  Roach x3  
  79  5:07  Zergling x2  
  79  5:08  Zergling x2  
  79  5:13  Zergling x6  
  79  5:14  Zergling x2  
  84  5:25  Drone x4  
  86  5:29  Drone x2  
Show
View Real Time Build Order
Export as new Build Order

Ragnarok Zerg - Winner!

Build Orders: Hatch First 

Get SALT Encoding   

  12  0:00  Drone  
  13  0:08  Drone  
  14  0:17  Overlord  
  14  0:24  Extractor, Drone  
  15  0:37  Drone x2  
  17  0:53  Hatchery  
  17  0:56  Drone  
  17  0:59  Drone  
  18  1:10  Extractor  
  17  1:14  Spawning Pool  
  17  1:17  Drone  
  17  1:20  Drone  
  18  1:26  Drone  
  19  1:37  Drone  
  20  1:50  Drone  
  20  1:51  Evolution Chamber  
  20  1:58  Drone  
  21  2:04  Queen  
  21  2:05  Queen, Drone  
  26  2:09  Overlord  
  26  2:16  Zerg Melee Weapons Level 1  
  26  2:18  Drone  
  26  2:22  Zergling x2  
  28  2:31  Drone x2  
  30  2:39  Overlord  
  30  2:41  Queen  
  32  2:47  Metabolic Boost  
  32  2:49  Drone  
  32  2:51  Drone  
  34  2:55  Evolution Chamber  
  33  2:58  Drone  
  33  3:00  Drone  
  33  3:05  Overlord  
  35  3:10  Drone  
  36  3:14  Drone x3  
  40  3:20  Drone x2  
  42  3:29  Drone  
  43  3:34  Hatchery  
  43  3:39  Zergling x8  
  46  3:45  Zergling x6  
  46  3:46  Zergling x2  
  46  3:48  Zergling x2  
  51  3:52  Overlord  
  51  3:53  Zergling x2  
  52  4:05  Overlord  
  52  4:11  Zergling x4  
  52  4:12  Zergling x4  
  56  4:18  Roach Warren  
  56  4:19  Drone  
  56  4:24  Zergling x2  
  57  4:25  Zergling x4  
  57  4:26  Zergling x2  
  57  4:30  Zergling x4  
  57  4:31  Zergling x2  
  63  4:32  Baneling Nest  
  63  4:42  Zergling x6  
  66  4:46  Zergling x2  
  66  4:51  Zergling x2  
  68  4:54  Zergling x6  
  68  4:57  Zergling x4  
  68  4:58  Overlord  
  73  5:06  Zergling x2  
  73  5:11  Overlord x2  
  73  5:15  Baneling  
  73  5:16  Baneling x7  
  73  5:19  Zergling x10  
  76  5:23  Zergling x4  
  76  5:24  Zergling x4  

Tags
 
Add a new tag
Caveats
  • Supply blocks, unpowered buildings, or Contaminate may cause inaccurate times.
  • Supply counts are checked every 10 seconds.